 Dungeon Crawl Stone Soup version 0.20.0-10-g0535bb4 (webtiles) character file.

496 Kosschaser the Shield-Bearer (level 7, 0/43 HPs)
             Began as a Gargoyle Fighter on June 7, 2017.
             Slain by an ogre
             ... wielding a +0 giant spiked club
              (23 damage)
             ... on level 4 of the Dungeon.
             The game lasted 00:13:32 (3059 turns).

Kosschaser the Shield-Bearer (Gargoyle Fighter)     Turns: 3059, Time: 00:13:33

Health: 0/43       AC: 14    Str: 20    XL:     7   Next: 15%
Magic:  7/7        EV: 10    Int:  4    God:
Gold:   154        SH:  9    Dex: 10    Spells: 6/6 levels left

rFire    . . .     SeeInvis .   a - +0 flail
rCold    + + .     Gourm    .   c - +0 shield
rNeg     + . .     Faith    .   x - +3 leather armour {MR+}
rPois    ∞         Spirit   .   (no helmet)
rElec    +         Reflect  .   q - +0 cloak
rCorr    .         Harm     .   h - +0 pair of gloves
MR       ++...                  y - +0 pair of boots
Stlth    +.........             (no amulet)
Regen    0.2/turn               g - ring of Bufaoj {rC++ MR+ Int-5}
MPRegen  0.1/turn               p - ring of flight

@: no status effects
A: negative energy resistance 1, electricity resistance, unbreathing,
petrification resistance, rot immunity, AC +4
a: Evoke Flight


You were on level 4 of the Dungeon.
You were hungry.

You visited 1 branch of the dungeon, and saw 4 of its levels.

You collected 154 gold pieces.

Inventory:

Hand Weapons
 a - a +0 flail (weapon)
Armour
 b - a +0 scale mail
 c - a +0 shield (worn)
 h - a +0 pair of gloves (worn)
 q - a +0 cloak (worn)
 x - a +3 leather armour of magic resistance (worn)
 y - a +0 pair of boots (worn)
Jewellery
 g - the ring of Bufaoj (left hand) {rC++ MR+ Int-5}
   (You found it on level 4 of the Dungeon)

   [ring of protection from magic]

   It affects your intelligence (-5).
   It greatly protects you from cold.
   It affects your resistance to hostile enchantments.
 p - a ring of flight (right hand)
Scrolls
 j - a scroll of remove curse {unknown}
 u - a scroll of magic mapping {unknown}
 w - a scroll of enchant armour {unknown}
 z - a scroll of amnesia {unknown}
 A - a scroll of identify {unknown}
Potions
 d - 2 potions of might
 e - a potion of mutation {unknown}
 k - 2 potions of resistance {unknown}
 l - a potion of magic {unknown}
 m - a potion of berserk rage {unknown}
 n - a potion of haste {unknown}
 o - a potion of agility {unknown}
 t - 2 potions of lignification {unknown}
 v - a potion of curing {unknown}
 B - a potion of heal wounds {unknown}
Comestibles
 f - 6 bread rations
 i - 4 royal jellies
 r - 2 meat rations
 s - 3 fruits


   Skills:
 + Level 4.1 Fighting
 + Level 4.7 Maces & Flails
 + Level 4.1 Armour
 * Level 2.5 Dodging
 - Level 0.2 Stealth
 + Level 4.8 Shields


You had 6 spell levels left.
You didn't know any spells.

Dungeon Overview and Level Annotations

Branches:
Dungeon (4/15)
 Temple: D:4-7

Altars:
Vehumet


Innate Abilities, Weirdness & Mutations

You are resistant to torment.
Your stone body is resilient. (AC +4)
You are immune to poison.
You resist negative energy. (rN+)
You are resistant to electric shocks. (rElec)
You can survive without breathing.
You are immune to petrification.
You are immune to rotting.


Message History

The dart slug is too close now for your liking.
Found a long sword.
You hit the dart slug.
The dart slug is heavily wounded.
The dart slug misses you.
You sock the dart slug!
You kill the dart slug!
You see here a dart slug corpse.
Found 12 gold pieces and 12 sling bullets.
You now have 154 gold pieces (gained 12).
Found a stone staircase leading down.
i - 4 royal jellies (gained 1)
An ogre comes into view. It is wielding a giant spiked club.
The ogre shouts!
A quokka comes into view.
The ogre hits you with a giant spiked club!!
You barely miss the ogre. You block the quokka's attack.
The ogre hits you with a giant spiked club!!
Ouch! That really hurt!
You die...

# # #### ....)
##..# ## ## .....
###. .### ##..#
...#... #rO.# #@#
#############.#
####............>#
.....#############
######


You could see an ogre and a quokka.

Vanquished Creatures
  Sigmund (D:3)
  Crazy Yiuf (D:2)
  2 orc priests (D:3)
  Ijyb (D:3)
  Natasha (thrice) (D:2)
  A worker ant (D:4)
  A howler monkey skeleton (D:4)
  7 adders
  A worm (D:3)
  2 dart slugs
  3 leopard geckos
  3 orcs (D:3)
  2 giant cockroaches
  4 goblins
  7 hobgoblins
  7 jackals (D:1)
  7 kobolds
  2 quokkas
  A ball python (D:1)
  4 bats
  3 frilled lizards
  6 rats
69 creatures vanquished.

Notes
Turn   | Place    | Note
-------+----------+-------------------------------------------
     0 | D:1      | Kosschaser the Gargoyle Fighter began the quest for the Orb.
     0 | D:1      | Reached XP level 1. HP: 14/14 MP: 1/1
   388 | D:1      | Reached XP level 2. HP: 19/19 MP: 2/2
   859 | D:2      | Noticed Natasha
   927 | D:2      | Killed Natasha
   927 | D:2      | Reached skill level 1 in Dodging
   927 | D:2      | Reached XP level 3. HP: 20/23 MP: 3/3
  1025 | D:2      | Noticed Natasha
  1038 | D:2      | Killed Natasha
  1038 | D:2      | Reached XP level 4. HP: 19/28 MP: 4/4
  1166 | D:2      | Found a runed door.
  1228 | D:2      | Noticed Natasha
  1236 | D:2      | Killed Natasha
  1348 | D:2      | Reached XP level 5. HP: 30/33 MP: 5/5
  1620 | D:2      | Noticed Crazy Yiuf
  1657 | D:2      | Paralysed by Crazy Yiuf for 3 turns
  1669 | D:2      | Killed Crazy Yiuf
  2055 | D:3      | Noticed Sigmund
  2056 | D:3      | Noticed Ijyb
  2187 | D:3      | Paralysed by Ijyb for 2 turns
  2194 | D:3      | Paralysed by Ijyb for 6 turns
  2230 | D:3      | Killed Ijyb
  2592 | D:4      | Got a flickering turquoise ring
  2593 | D:4      | Identified the ring of Bufaoj {rC++ MR+ Int-5} (You found it on level 4 of the Dungeon)
  2633 | D:3      | Killed Sigmund
  2633 | D:3      | Reached XP level 6. HP: 38/38 MP: 6/6
  2811 | D:3      | Reached XP level 7. HP: 43/43 MP: 7/7
  2890 | D:4      | Found a radiant altar of Vehumet.
  3059 | D:4      | Slain by an ogre

Skill      XL: |  1  2  3  4  5 |
---------------+----------------+-----
Dodging        | 1 2 |  2.5
Maces & Flails | 3 4 |  4.7
Armour         | 4 |  4.1
Shields        | 4 |  4.8
Fighting       | 4 |  4.1
Stealth        | |  0.2

Action                   |  1- 3 |  4- 6 |  7- 9 || total
-------------------------+-------+-------+-------++-------
Melee: Flail             |    95 |   228 |    53 ||   376
       Unarmed           |       |     4 |       ||     4
  Use: Scroll            |       |     1 |       ||     1
  Eat: Chunk             |       |     7 |       ||     7
Armor: Scale mail        |    64 |   114 |       ||   178
       Leather armour    |       |    31 |    22 ||    53
       Skin              |       |     1 |       ||     1
Dodge: Dodged            |    42 |    98 |    18 ||   158
Block: Shield            |    67 |   142 |    29 ||   238
